 Dungeon Crawl Stone Soup version 0.20-a0-839-gdaf5c57 (webtiles) character file.

9764 kidcy the Basher (level 11, -12/99 HPs)
             Began as a Yellow Draconian Monk on Mar 6, 2017.
             Was a Priest of Ashenzari.
             Mangled by Azzok's ghost (25 damage)
             ... on level 9 of the Dungeon on Mar 8, 2017.
             The game lasted 00:26:49 (13354 turns).

kidcy the Basher (Yellow Draconian Monk)           Turns: 13354, Time: 00:26:50

Health: -12/99     AC: 11    Str: 20    XL:     11   Next: 27%
Magic:  11/11      EV: 17    Int: 10    God:    Ashenzari [***...]
Gold:   472        SH:  5    Dex: 13    Spells: 6/10 levels left

rFire    . . .     SeeInvis +   x - +1 morningstar
rCold    + . .     Gourm    .   (armour unavailable)
rNeg     . . .     Faith    +   n - +0 buckler
rPois    .         Spirit   .   (helmet restricted)
rElec    .         Reflect  .   (no cloak)
rCorr    +         Harm     .   (no gloves)
MR       .....                  o - +0 pair of boots
Stlth    ++........             e - amulet of faith (curse)
Regen    0.3/turn               w - ring of protection from cold
MPRegen  0.2/turn               k - +3 ring of protection (curse)

@: short of breath
A: spit acid, acid resistance, unfitting armour, horns 1, strong 1,
cold-blooded, AC +7
a: Breathe Acid, Curse Item, Scrying, Renounce Religion


You were on level 9 of the Dungeon.
You worshipped Ashenzari.
Ashenzari was most pleased with you.
You were hungry.

You visited 1 branch of the dungeon, and saw 9 of its levels.

You collected 472 gold pieces.

Inventory:

Hand Weapons
 j - a +0 flail
 u - a +0 dire flail
 x - a +1 morningstar (weapon)
Armour
 n - a +0 buckler (worn)
 o - a +0 pair of boots (worn)
Jewellery
 e - a cursed amulet of faith (around neck)
 k - a cursed +3 ring of protection (left hand)
 w - a ring of protection from cold (right hand)
Wands
 v - a wand of confusion (42/48)
 y - a wand of clouds (2/9)
 C - a wand of paralysis (10/24)
Scrolls
 d - a scroll of fog
 i - 3 scrolls of magic mapping
 m - 2 scrolls of immolation
 s - a scroll of noise {unknown}
 B - a scroll of remove curse
 F - a scroll of teleportation
Potions
 c - 3 potions of lignification
 g - 3 potions of flight
 h - 2 potions of ambrosia
 l - a potion of agility {unknown}
 p - 7 potions of curing
 z - a potion of might
 D - 2 potions of haste
 E - a potion of heal wounds {unknown}
Books
 a - a book of Callings

   Spells                             Type                      Level
   a - Summon Small Mammal            Summoning                    1
   b - Call Imp                       Summoning                    2
   c - Call Canine Familiar           Summoning                    3
   d - Summon Guardian Golem          Hexes/Summoning              3
   e - Summon Lightning Spire         Summoning/Air                4
   f - Summon Ice Beast               Ice/Summoning                4
 q - a book of Battle

   Spells                             Type                      Level
   a - Infusion                       Charms                       1
   b - Shroud of Golubria             Charms/Translocation         2
   c - Song of Slaying                Charms                       2
   d - Spectral Weapon                Hexes/Charms                 3
   e - Regeneration                   Charms/Necromancy            3
 t - a book of Geomancy

   Spells                             Type                      Level
   a - Sandblast                      Earth                        1
   b - Passwall                       Transmutation/Earth          2
   c - Stone Arrow                    Conjuration/Earth            3
   d - Petrify                        Transmutation/Earth          4
   e - Lee's Rapid Deconstruction     Earth                        5
 A - a book of Cantrips

   Spells                             Type                      Level
   a - Confusing Touch                Hexes                        1
   b - Animate Skeleton               Necromancy                   1
   c - Summon Small Mammal            Summoning                    1
   d - Apportation                    Translocation                1
 G - a book of Alchemy

   Spells                             Type                      Level
   a - Sublimation of Blood           Necromancy                   2
   b - Ignite Poison                  Fire/Transmutation/Poison    3
   c - Petrify                        Transmutation/Earth          4
   d - Alistair's Intoxication        Transmutation/Poison         5
   e - Irradiate                      Conjuration/Transmutation    5
Comestibles
 b - 7 bread rations
 f - 8 royal jellies
 r - 3 meat rations
 H - a chunk of flesh


   Skills:
 + Level 9.9 Fighting
 * Level 12.3 Maces & Flails
 + Level 8.1 Dodging
 - Level 1.7 Stealth
 - Level 5.0 Shields


You had 6 spell levels left.
You knew the following spells:

 Your Spells              Type           Power        Failure   Level  Hunger
a - Summon Lightning Spi  Summ/Air       #.......     100%        4    #####..


Dungeon Overview and Level Annotations

Branches:
Dungeon (9/15)             Temple (0/1) D:6            Lair (0/6) D:9
    Orc (0/2) D:9

Altars:
Ashenzari
Cheibriados
Dithmenos
Elyvilon
Okawaru
Trog
Xom
Yredelemnul
Beogh

Annotations:
D:9 1 runed door, Azzok's ghost, novice CeHu


Innate Abilities, Weirdness & Mutations

You can spit globs of acid.
You are resistant to acid.
Your golden yellow scales are hard. (AC +7)
You cannot fit into any form of body armour.
You are cold-blooded and may be slowed by cold attacks.
You have a pair of small horns on your head.
Your muscles are strong. (Str +2)


Message History

You block Azzok's ghost's attack. You block the orc warrior's attack.
You closely miss Azzok's ghost. You headbutt Azzok's ghost.
You tail-slap Azzok's ghost, but do no damage.
Azzok's ghost is almost destroyed.
Azzok's ghost hits you but does no damage.
The orc warrior closely misses you.
You sock Azzok's ghost!
Azzok's ghost is almost destroyed.
Azzok's ghost says, "Do you have an apple?
I have a shot I want to try."
Azzok's ghost hits you.
You hit Azzok's ghost but do no damage.
Azzok's ghost is almost destroyed.
The orc warrior hits you with a dire flail!
* * * LOW HITPOINT WARNING * * *
Azzok's ghost hits you!!
* * * LOW HITPOINT WARNING * * *
x2 You hit Azzok's ghost.
Azzok's ghost is almost destroyed.
The orc warrior misses you. Azzok's ghost hits you!!
You die...

#...........# #..# #..#
##)..........# #..# #..#
###.......(....# #..# #..#
##......P.......# #..# #..#
#.....PP........# #..# #..#
#...P...P.P.....# #..# #..##
.....P..PP.P....#######..####..##
..P.P####.P.PP...................
.P..P#> #P.....o@W...............
..P..# +...P.########..####..##.
.....## #P.PP.# #..# #..#..
..P.P.....P.P.# #..# #..#.#
.P............########..####[.#.#
.PP.P...P.P.P.....>.....W.......#
..P..P.P.P.....................##
####.... , ,######...........#.
*#... #..........##.


You could see an orc warrior and Azzok's ghost.

Vanquished Creatures
  4 two-headed ogres
  A troll (D:8)
  A wyvern (D:8)
  A spriggan (D:8)
  4 yaks
  A hungry ghost (D:7)
  2 soldier ants (D:9)
  The ghost of grippy the Conjurer, an amateur OpCj of Lugonu (D:3)
  6 water moccasins
  2 sky beasts
  6 orc warriors
  2 ice beasts (D:7)
  3 black bears
  A hornet zombie (D:8)
  A phantom (D:8)
  7 ogres
  4 centaurs
  5 bullfrogs
  5 scorpions
  15 killer bees
  3 howler monkeys (D:8)
  4 crimson imps
  A bullfrog zombie (D:7)
  2 jellies (D:8)
  A gnoll shaman (D:4)
  3 hounds
  11 orc wizards
  7 orc priests
  5 iguanas
  9 worker ants
  A hound skeleton (D:5)
  A mummy (D:8)
  A worker ant zombie (D:5)
  13 gnolls
  11 adders
  A shadow imp (D:5)
  3 adder skeletons
  2 worms (D:3)
  2 dart slugs
  7 leopard geckos
  38 orcs
  A bat (D:3)
  5 giant cockroaches
  8 goblins
  6 hobgoblins
  9 jackals
  3 quokkas
  3 ball pythons
  4 frilled lizards
  10 kobolds
  A quokka skeleton (D:7)
  2 quokka zombies (D:6)
  10 rats
  A fungus (D:9)
261 creatures vanquished.

Vanquished Creatures (others)
  2 fungi (D:9)
  A plant (D:9)
3 creatures vanquished.

Grand Total: 264 creatures vanquished

Notes
Turn   | Place    | Note
-------+----------+-------------------------------------------
     0 | D:1      | kidcy the Draconian Monk began the quest for the Orb.
     0 | D:1      | Reached XP level 1. HP: 19/19 MP: 1/1
   774 | D:1      | Reached XP level 2. HP: 26/26 MP: 2/2
  1120 | D:2      | Reached XP level 3. HP: 26/31 MP: 3/3
  1420 | D:2      | Reached skill level 4 in Maces & Flails
  1856 | D:3      | Noticed grippy's ghost (amateur OpCj)
  2020 | D:3      | Killed grippy's ghost
  2020 | D:3      | Reached skill level 1 in Shields
  2020 | D:3      | Reached XP level 4. HP: 8/40 MP: 4/4
  2020 | D:3      | Reached XP level 5. HP: 10/46 MP: 5/5
  2664 | D:3      | Found a bloodstained altar of Trog.
  2670 | D:3      | HP: 2/47 [rat (3)]
  2998 | D:3      | Reached skill level 5 in Maces & Flails
  3271 | D:3      | Reached XP level 6. HP: 45/53 MP: 6/6
  4750 | D:4      | Your scales start taking on a golden yellow colour.
  4750 | D:4      | Reached XP level 7. HP: 28/60 MP: 7/7
  4996 | D:4      | Reached skill level 5 in Fighting
  5016 | D:5      | Entered Level 5 of the Dungeon
  5057 | D:5      | Reached skill level 6 in Maces & Flails
  5842 | D:5      | Reached XP level 8. HP: 68/70 MP: 8/8
  6039 | D:5      | Reached skill level 7 in Maces & Flails
  6317 | D:5      | Found a basalt altar of Yredelemnul.
  6317 | D:5      | Found a faded altar of an unknown god.
  6322 | D:5      | Found an iron altar of Okawaru.
  6324 | D:5      | Found a white marble altar of Elyvilon.
  6326 | D:5      | Found a shimmering altar of Xom.
  6371 | D:5      | Became a worshipper of Ashenzari the Shackled
  6371 | D:5      | Reached * piety under Ashenzari
  6371 | D:5      | Reached ** piety under Ashenzari
  6392 | D:5      | Identified a scroll of acquirement
  6824 | D:5      | Reached skill level 5 in Dodging
  7102 | D:6      | Found a staircase to the Ecumenical Temple.
  7201 | D:6      | Noticed a two-headed ogre
  7226 | D:6      | Killed a two-headed ogre
  7226 | D:6      | Reached skill level 8 in Maces & Flails
  7226 | D:6      | Reached XP level 9. HP: 39/78 MP: 9/9
  7448 | D:6      | Reached skill level 5 in Shields
  7498 | D:6      | Upgraded the game from 0.20-a0-830-g2c9a30d to 0.20-a0-833-gc632bec
  7740 | D:6      | Reached skill level 9 in Maces & Flails
  8010 | D:7      | Reached *** piety under Ashenzari
  8421 | D:7      | Gained mutation: You have a pair of small horns on your head. [mutagenic meat]
  8422 | D:7      | Gained mutation: Your muscles are strong. (Str +2) [mutagenic meat]
  8869 | D:7      | Learned a level 4 spell: Summon Lightning Spire
  9102 | D:7      | Found a white marble altar of Elyvilon.
  9284 | D:8      | Noticed a two-headed ogre
  9508 | D:8      | Noticed a two-headed ogre
  9553 | D:8      | Reached skill level 10 in Maces & Flails
  9578 | D:8      | Found a snail-covered altar of Cheibriados.
  9603 | D:8      | Reached XP level 10. HP: 45/88 MP: 10/10
  9756 | D:8      | Killed a two-headed ogre
  9790 | D:8      | Killed a two-headed ogre
  9983 | D:8      | Found a shadowy altar of Dithmenos.
 10424 | D:9      | Reached skill level 11 in Maces & Flails
 10481 | D:9      | Noticed a two-headed ogre
 10492 | D:9      | Killed a two-headed ogre
 10521 | D:9      | Found a runed door.
 10526 | D:9      | Found a runed gate.
 10527 | D:9      | Found a runed door.
 10537 | D:9      | Found a runed gate.
 10537 | D:9      | Found a runed gate.
 11202 | D:9      | Reached XP level 11. HP: 72/97 MP: 11/11
 11497 | D:8      | Reached skill level 12 in Maces & Flails
 11928 | D:9      | Noticed Azzok's ghost (novice CeHu)
 12411 | D:8      | Upgraded the game from 0.20-a0-833-gc632bec to 0.20-a0-839-gdaf5c57
 12901 | D:9      | Found a staircase to the Orcish Mines.
 13294 | D:9      | Found a roughly hewn altar of Beogh.
 13354 | D:9      | Mangled by Azzok's ghost

Vault maps used:
D:1:      minmay_arrival_widening_spiral_wide
D:3:      grunt_ministairs_14, trog_butcher_becter
D:5:      chequers_temple_overflow_minitemple, first_bread
D:6:      minmay_temple_entry_glassed_door, hangedman_decor_growths,
          mrwooster_statue_mirror, kennysheep_dice
D:7:      elyvilon_altar_4
D:8:      grunt_dithmenos_shadows, slow_altar_1, the_bakery
D:9:      grunt_lair_entry_orc_guard_hut, minmay_orc_entry_temple_small,
          minmay_guarded_unrand_staff_of_olgreb

Skill      XL: |  1  2  3  4  5  6  7  8  9 10 11 |
---------------+----------------------------------+-----
Maces & Flails | 4 5 6 8 10 11 12 | 12.3
Dodging        | 3 4 5 6 7 8 |  8.1
Fighting       | 4 5 6 8 9 |  9.9
Shields        | 1 2 3 4 5 |  5.0
Stealth        | |  1.7

Action                   |  1- 3 |  4- 6 |  7- 9 | 10-12 || total
-------------------------+-------+-------+-------+-------++-------
Melee: Mace              |   107 |   132 |       |       ||   239
       Tailslap          |    17 |    34 |    71 |    51 ||   173
       Flail             |       |   132 |   209 |       ||   341
       Morningstar       |       |       |   154 |   320 ||   474
       Dire flail        |       |       |    22 |       ||    22
       Headbutt          |       |       |    17 |    75 ||    92
Invok: Curse Item        |       |       |     1 |     1 ||     2
 Abil: Breathe Acid      |       |       |    10 |     6 ||    16
Evoke: Wand              |       |       |    10 |     8 ||    18
  Use: Scroll            |       |     9 |     5 |     5 ||    19
       Potion            |       |     2 |     1 |     2 ||     5
 Stab: Sleeping          |     3 |     4 |     3 |     1 ||    11
       Confused          |       |       |     1 |     1 ||     2
       Paralysed         |       |       |       |     5 ||     5
       Distracted        |       |       |       |     1 ||     1
  Eat: Chunk             |     2 |     6 |    15 |    10 ||    33
       Bread ration      |     1 |       |     3 |       ||     4
Armor: Skin              |    28 |    94 |   118 |   109 ||   349
Dodge: Dodged            |    70 |   181 |   228 |   275 ||   754
Block: Buckler           |     2 |    49 |    79 |    76 ||   206
